 Dungeon Crawl Stone Soup version 0.31-a0-774-g0d66cbabe8 (webtiles) character file.

Game seed: 11933376098625599831

5105 Shayle the Fighter (level 10, -1/107 HPs)
             Began as an Ogre Shapeshifter on Sept 16, 2023.
             Was a Believer of Kikubaaqudgha.
             Slain by a wyvern (6 damage)
             ... on level 8 of the Dungeon on Sept 17, 2023.
             The game lasted 00:27:16 (10560 turns).

Shayle the Fighter (Ogre Shapeshifter)             Turns: 10560, Time: 00:27:24

Health: -1/107     AC:  5    Str: 20    XL:     10   Next: 57%
Magic:  28/28      EV: 10    Int: 15    God:    Kikubaaqudgha [**....]
Gold:   534        SH:  5    Dex: 13    Spells: 17/21 levels left

rFire   . . .        I - +3 long sword "Tayxkirgh" {venom, rElec rC+ Dex+5}
rCold   + . .        (no shield)
rNeg    + . .        r - +2 robe {rN+}
rPois   .            (helmet currently unavailable)
rElec   +            (cloak currently unavailable)
rCorr   .            (gloves unavailable)
SInv    .            (boots unavailable)
Will    +....        f - amulet of reflection
Stlth   +            p - ring of magical power
HPRegen 0.37/turn    (no ring)
MPRegen 0.21/turn

%: reflection
@: beast-form
A: beast (slay +4), large, unfitting armour, tough skin 1
a: Begin Untransformation, Renounce Religion, Unearth Wretches


You were on level 8 of the Dungeon.
You worshipped Kikubaaqudgha.
Kikubaaqudgha was pleased with you.
You were a hulking beast.
You visited 2 branches of the dungeon, and saw 10 of its levels.
You also visited: Sewer.

You collected 534 gold pieces.

Inventory:

Hand Weapons
 y - a +5 dagger of flaming
 I - the +3 long sword "Tayxkirgh" (weapon) {venom, rElec rC+ Dex+5}
   (You found it on level 7 of the Dungeon)

   Dex+5:     It affects your dexterity (+5).
   rC+:       It protects you from cold.
   rElec:     It insulates you from electricity.
Missiles
 E - 2 curare-tipped darts (quivered)
 J - a throwing net
Armour
 a - a +1 animal skin
 r - a +2 robe of positive energy (worn)
 F - a +1 cloak
Jewellery
 f - an amulet of reflection (around neck)
 p - a ring of magical power (left hand)
 w - an amulet of magic regeneration
Talismans
 c - a beast talisman (active)
 d - a flux talisman
Wands
 o - a wand of flame (19)
 v - a wand of mindburst (2)
 x - a wand of charming (5)
 A - a wand of digging (8)
 H - a wand of iceblast (6)
Scrolls
 e - a scroll of enchant armour
 g - 6 scrolls of blinking
 h - 2 scrolls of revelation
 q - 2 scrolls of fog
 s - a scroll of vulnerability
 C - 3 scrolls of teleportation
 D - a scroll of brand weapon
Potions
 b - a potion of lignification
 i - 2 potions of curing
 j - a potion of magic
 k - a potion of mutation {unknown}
 l - 5 potions of brilliance
 m - a potion of haste {unknown}
 n - 4 potions of enlightenment
 t - 2 potions of heal wounds
 u - 3 potions of might
 B - 2 potions of cancellation
 G - a potion of attraction {unknown}


   Skills:
 - Level 9.5 Fighting
 - Level 1.7 Dodging
 + Level 7.3 Unarmed Combat
 + Level 6.4 Spellcasting
 + Level 5.3 Necromancy
 + Level 7.5 Shapeshifting


You had 17 spell levels left.
You knew the following spells:

 Your Spells              Type           Power      Damage    Failure   Level
a - Necrotise             Necr           80%        1d8       1%          1
b - Vampiric Draining     Necr           20%        2d7       4%          3

Your spell library contained the following spells:

 Spells                   Type           Power      Damage    Failure   Level
 Sublimation of Blood     Necr           20%        N/A       2%          2
 Kiss of Death            Conj/Necr      48%        2d9       4%          1
 Cigotuvi's Dreadful Rot  Necr/Pois/Air  20%        N/A       11%         2
 Apportation              Tloc           8%         N/A       14%         1
 Shock                    Conj/Air       16%        1d4       14%         1
 Jinxbite                 Hex            8%         N/A       22%         2
 Wereblood                Tmut           4%         N/A       22%         2
 Summon Guardian Golem    Hex/Summ       4%         N/A       38%         3
 Swiftness                Air            4%         N/A       38%         3
 Airstrike                Air            2%         2d(1-17)  80%         4
 Alistair's Intoxication  Tmut/Pois      2%         N/A       98%         5
 Orb of Destruction       Conj           2%         9d5       100%        7
 Spellforged Servitor     Conj/Summ      2%         N/A       100%        7
 Summon Hydra             Summ           2%         N/A       100%        7


Dungeon Overview and Level Annotations

Branches:
Dungeon (9/15)             Temple (1/1) D:4            Lair (0/5) D:9
  Sewer (visited)
    Orc: D:9-12

Altars:
Ashenzari
Cheibriados
Dithmenos
Elyvilon
Fedhas
Gozag
Hepliaklqana
Kikubaaqudgha
Makhleb
Nemelex Xobeh
Okawaru
Qazlal
Ru
Sif Muna
Trog
Uskayaw
Vehumet
Wu Jian
Xom
Yredelemnul
Zin
The Shining One

Shops:
D:4 [   D:9 [


Innate Abilities, Weirdness & Mutations

You are a hulking beast.
Your limbs bulge with bestial killing power. (Slay +4)
You are too large for most types of armour.
You have tough skin. (AC +1)


Message History

You climb upwards.
Reactivating autopickup.
There is a stone staircase leading down, spattered with blood here.
You hit the wyvern but do no damage. The wyvern barely misses you.
The orc wizard hits you but does no damage.
The wyvern barely misses you.
You barely miss the orc wizard. The wyvern barely misses you.
The orc wizard gestures at you while chanting.
You easily resist.
The wyvern bites you.
You hit the orc wizard.
The orc wizard is moderately wounded.
The wyvern bites you.
The orc wizard hits you with a +0 dagger.
The wyvern bites you.
The orc wizard hits you but does no damage.
You slash the orc wizard!
The orc wizard is poisoned.
The orc wizard is almost dead.
The wyvern closely misses you. The wyvern bites you.
The orc wizard hits you with a +0 dagger.
You closely miss the orc wizard.
The orc wizard is almost dead.
The wyvern bites you!
The orc wizard hits you with a +0 dagger.
You block the wyvern's attack.
The orc wizard hits you with a +0 dagger.
You slash the orc wizard!
You kill the orc wizard!
Kikubaaqudgha accepts your kill. The wyvern bites you.
* * * LOW HITPOINT WARNING * * *
The wyvern bites you!
* * * LOW HITPOINT WARNING * * *
You hit the wyvern but do no damage.
The wyvern is poisoned.
The wyvern bites you.
* * * LOW HITPOINT WARNING * * *
The wyvern bites you!
* * * LOW HITPOINT WARNING * * *
The wyvern bites you.
You die...
Kikubaaqudgha rasps: "You have failed me!
Welcome... death!"

#.........###.##.))...........
#####.........).....#.........##.
.............###)####....<.......
####.........###.# #.........#.)
## #).........##.# #....#.#....#
.###(.........#..# ####.._..#.##
.................# #..#.##..#
............##..)######.......##
.....#.....###.†h..........####
.....####### #..#l####.....#
.....#########..#..........#
............##.....###.....# ####
.....######..#....####.#######...
.....# ##.....................
.....# #................#..##
.....# ##....#..##.#.#####.###
###### ###....###....#..........


You could see a wyvern (very poisoned).

Vanquished Creatures
  Harold (D:9)
  Pikel (D:7)
  Psyche (D:8)
  Sigmund (D:3)
  2 wyverns (D:8)
  Eustachio (D:4)
  Edmund (D:6)
  4 water moccasins
  2 orc warriors
  2 black bears
  An ice beast (D:6)
  A sky beast (D:8)
  4 centaurs
  4 phantoms
  5 bullfrogs
  A scorpion (D:6)
  A sleepcap (D:5)
  5 hounds
  2 gnoll boudas
  3 orc priests
  2 jellies (D:5)
  Ijyb (D:4)
  An iguana (D:7)
  5 orc wizards
  7 adders
  18 gnolls
  2 river rats (D:3)
  A shadow imp (D:6)
  A white imp (D:7)
  2 worms
  3 dart slugs
  16 orcs
  A bat (D:2)
  9 endoplasms
  14 giant cockroaches
  4 hobgoblins
  8 kobolds
  5 quokkas
  12 ball pythons
  9 frilled lizards
  7 goblins
  8 rats
179 creatures vanquished.

Vanquished Creatures (collateral kills)
  2 lemures (D:7)
  A gnoll sergeant (D:7)
  2 killer bees (D:7)
  An orc priest (D:6)
  A gnoll (D:7)
  An orc (D:6)
8 creatures vanquished.

Vanquished Creatures (others)
  2 killer bees (D:7)
  2 orcs (D:6)
4 creatures vanquished.

Grand Total: 191 creatures vanquished

Notes
Turn   | Place    | Note
-------+----------+-------------------------------------------
     0 | D:1      | Shayle the Ogre Shapeshifter began the quest for the Orb.
     0 | D:1      | Reached XP level 1. HP: 19/19 MP: 1/1
     8 | D:1      | Found a faded altar of an unknown god.
   240 | D:1      | Reached XP level 2. HP: 28/28 MP: 2/2
   250 | D:1      | Reached skill level 2 in Fighting
   668 | D:2      | Reached XP level 3. HP: 29/36 MP: 3/3
   971 | D:2      | Found a glowing silver altar of Zin.
  1527 | D:3      | Reached skill level 3 in Fighting
  1600 | D:3      | Reached XP level 4. HP: 37/45 MP: 4/4
  1619 | D:3      | Found a glowing drain.
  1666 | Sewer    | Entered a sewer
  1984 | Sewer    | Noticed a bullfrog
  1999 | Sewer    | Killed a bullfrog
  2000 | Sewer    | Reached skill level 4 in Fighting
  2000 | Sewer    | Reached XP level 5. HP: 19/54 MP: 5/5
  2166 | Sewer    | Reached XP level 6. HP: 63/63 MP: 6/6
  2727 | D:3      | Noticed Sigmund
  2747 | D:3      | Killed Sigmund
  2748 | D:3      | Reached skill level 5 in Fighting
  3444 | D:4      | Reached XP level 7. HP: 56/74 MP: 7/7
  3509 | D:4      | Found a shimmering blue altar of Sif Muna.
  3538 | D:4      | Found an ancient bone altar of Kikubaaqudgha.
  3553 | D:4      | Became a worshipper of Kikubaaqudgha
  3554 | D:4      | Upgraded the game from 0.31-a0-765-g67fe2935dc to
                  | 0.31-a0-774-g0d66cbabe8
  3625 | D:4      | Found a radiant altar of Vehumet.
  3704 | D:4      | Noticed Ijyb
  3711 | D:3      | Reached skill level 6 in Fighting
  3711 | D:3      | Reached skill level 5 in Shapeshifting
  3771 | D:4      | Killed Ijyb
  3808 | D:4      | Found a staircase to the Ecumenical Temple.
  3818 | Temple   | Entered the Ecumenical Temple
  3928 | D:5      | Entered Level 5 of the Dungeon
  4064 | D:5      | Reached skill level 1 in Spellcasting
  4319 | D:5      | Reached skill level 5 in Unarmed Combat
  4319 | D:5      | Reached skill level 1 in Necromancy
  4535 | D:4      | Found Nitytu Otiask's Antique Armour Shoppe.
  4924 | D:4      | Reached XP level 8. HP: 77/84 MP: 10/10
  5004 | D:4      | Noticed Eustachio
  5019 | D:4      | Killed Eustachio
  5309 | D:4      | You fall into a shaft and drop 2 floors!
  5309 | D:6      | Found a blossoming altar of Fedhas.
  5337 | D:6      | Reached * piety under Kikubaaqudgha
  5337 | D:6      | Received a gift from Kikubaaqudgha
  5347 | D:6      | Learned a level 1 spell: Necrotise
  5351 | D:6      | Learned a level 3 spell: Vampiric Draining
  5369 | D:6      | Found an ornate altar of the Wu Jian Council.
  5711 | D:6      | Reached skill level 7 in Fighting
  6058 | D:6      | Noticed Edmund
  6074 | D:6      | Killed Edmund
  6104 | D:6      | Reached XP level 9. HP: 79/94 MP: 14/14
  6741 | D:7      | Noticed Pikel
  6814 | D:7      | Reached skill level 8 in Fighting
  6926 | D:7      | Killed Pikel
  7239 | D:7      | Identified the +3 long sword "Tayxkirgh" {venom, rElec rC+
                  | Dex+5}
  7767 | D:8      | Found a glowing golden altar of the Shining One.
  7785 | D:8      | Reached skill level 5 in Spellcasting
  7993 | D:8      | Reached ** piety under Kikubaaqudgha
  8143 | D:8      | Noticed Psyche
  8153 | D:8      | Killed Psyche
  8154 | D:8      | Reached skill level 9 in Fighting
  8154 | D:8      | Reached XP level 10. HP: 107/107 MP: 18/18
  8511 | D:9      | Noticed Harold
  8526 | D:9      | Killed Harold
  9372 | D:9      | Found Leugoir's Specialty Armours.
  9374 | D:9      | Found a snail-covered altar of Cheibriados.
  9378 | D:9      | Reached skill level 5 in Necromancy
 10541 | D:9      | Found a staircase to the Lair.
 10560 | D:8      | HP: 5/107 [wyvern (13)]
 10560 | D:8      | Slain by a wyvern

Illustrated notes

Levels and vault maps discovered:
D:1:      wander_arrival_fairy_ring, layout_loops_cross,
          ebering_ecumenical_altar_box
D:2:      layout_loops_ring, basic_altar
D:3:      layout_basic, portal_sewer_entry_e, uniq_sigmund
D:4:      layout_layer_cave, palyth_temple_overflow_mages, temple_statues,
          serial_shops, shop, uniq_ijyb, uniq_eustachio
D:5:      layout_basic
D:6:      layout_cave_pools, mainiacjoe_overflow_swirl, uniq_edmund
D:7:      layout_basic, uniq_pikel
D:8:      layout_rooms, lemuel_crystal_altar, uniq_psyche
D:9:      layout_basic, cheibriados_altar_1, minmay_lair_entry_grove,
          nicolae_barding_shop, uniq_harold
Temple:   hellmonk_temple_of_storms

Skill      XL: |  1  2  3  4  5  6  7  8  9 10 |
---------------+-------------------------------+-----
Fighting       | 2 3 4 5 6 7 9 |  9.5
Unarmed Combat | 3 4 5 6 7 |  7.3
Shapeshifting  | 4 5 6 7 |  7.5
Spellcasting   | 1 3 5 6 |  6.4
Necromancy     | 1 3 4 5 |  5.3
Dodging        | |  1.7

Action                     |  1- 3 |  4- 6 |  7- 9 | 10-12 || total
---------------------------+-------+-------+-------+-------++-------
  Melee: Unarmed           |   109 |   145 |    42 |       ||   296
         Punch             |     2 |     3 |     8 |     3 ||    16
         Short sword       |    10 |    24 |       |       ||    34
         Dagger            |       |       |   197 |       ||   197
         Long sword        |       |       |    64 |    87 ||   151
  Throw: Dart              |       |       |     5 |       ||     5
   Cast: Vampiric Draining |       |       |       |     1 ||     1
  Evoke: Wand              |       |       |    17 |       ||    17
    Use: Scroll            |       |     3 |    11 |     2 ||    16
         Potion            |       |     6 |     1 |     1 ||     8
 Armour: Animal skin       |    73 |   106 |   270 |    99 ||   548
         Robe              |       |       |       |    21 ||    21
  Dodge: Dodged            |    47 |    73 |   157 |    70 ||   347
  Block: Other             |       |     8 |    91 |    26 ||   125
         Reflection        |       |       |     4 |     2 ||     6

Table legend: (Time is in decaauts)
 A = Elapsed time spent in this place.
 B = Non-inter-level travel time spent in this place.
 C = Inter-level travel time spent in this place.
 D = Time resting spent in this place.
 E = Time spent auto-exploring this place.
 F = Levels seen in this place.
 G = Mean time per level.
                   A        B        C        D        E       F      G
               +--------+--------+--------+--------+--------+-----+--------+
         Total |  10609 |  10403 |    206 |   2561 |   5196 |  11 |  964.5 |
       Dungeon |   9894 |   9688 |    206 |   2431 |   5134 |   9 | 1099.3 |
        Temple |      1 |      1 |      0 |      0 |      0 |   1 |    1.0 |
         Sewer |    713 |    713 |      0 |    130 |     62 |   1 |  713.0 |
               +--------+--------+--------+--------+--------+-----+--------+

Top non-repeatable levels by time:
     D:8: 2381 daAuts
     D:4: 1376 daAuts
     D:3: 1321 daAuts
     D:6: 1134 daAuts
     D:7: 873 daAuts
     D:2: 778 daAuts
     D:5: 751 daAuts
   Sewer: 713 daAuts
     D:9: 651 daAuts
     D:1: 626 daAuts
  Temple: 1 daAuts
